 Dungeon Crawl Stone Soup version 0.25-a0-1133-g93ebf739aa (webtiles) character file.

Game seed: 579429263901158925, levelgen mode: deterministic

90 Lugonue the Skirmisher (level 4, 0/41 HPs)
             Began as a Hill Orc Fighter on May 20, 2020.
             Killed from afar by a dart slug (2 damage)
             ... with a slug dart
             ... on level 3 of the Dungeon.
             The game lasted 00:03:14 (1420 turns).

Lugonue the Skirmisher (Hill Orc Fighter)           Turns: 1420, Time: 00:03:14

Health: 0/41       AC:  7    Str: 19    XL:     4   Next: 56%
Magic:  4/4        EV: 10    Int:  8    God:
Gold:   28         SH:  0    Dex: 10    Spells: 3/3 levels left

rFire    . . .     SeeInvis +   a - +0 war axe
rCold    + . .     Gourm    .   (no shield)
rNeg     . . .     Faith    .   l - +0 ring mail {rC+}
rPois    .         Spirit   .   k - +0 helmet {SInv}
rElec    .         Reflect  .   (no cloak)
rCorr    +         Harm     .   (no gloves)
MR       .....                  (no boots)
Stlth    ..........             (no amulet)
HPRegen  0.13/turn              j - ring of resist corrosion
MPRegen  0.09/turn              (no ring)

@: slowed, very slow
A: no striking features
a: no special abilities


You were on level 3 of the Dungeon.
You were hungry.

You visited 1 branch of the dungeon, and saw 3 of its levels.

You collected 28 gold pieces.

Inventory:

Hand Weapons
 a - a +0 war axe (weapon)
Missiles
 o - 3 boomerangs (quivered)
Armour
 k - a +0 helmet of see invisible (worn)
 l - a +0 ring mail of cold resistance (worn)
Jewellery
 j - a ring of resist corrosion (left hand)
Scrolls
 b - 3 scrolls of identify
 e - 2 scrolls of amnesia
 h - a scroll of magic mapping {unknown}
 i - a scroll of noise {unknown}
 p - a scroll of remove curse {unknown}
Comestibles
 f - 4 rations


   Skills:
 + Level 4.6 Fighting
 + Level 4.2 Axes
 + Level 4.2 Armour
   Level 3.3 Shields


You had 3 spell levels left.
You didn't know any spells.
Your spell library was empty.

Dungeon Overview and Level Annotations

Branches:
Dungeon (3/15)

Altars:
The Shining One

Annotations:
D:2 Natasha


Message History

You aren't carrying any potions.
Unknown command.
You closely miss the orc. You hit the orc. The orc hits you but does no damage.
The orc barely misses you. The orc hits you but does no damage. x2
Unknown command.
You barely miss the orc.
The orc is lightly wounded.
You hit the orc.
You kill the orc!
The orc barely misses you. The orc hits you but does no damage.
The hobgoblin barely misses you.
Unknown command.
Unknown command.
You hit the orc.
You kill the orc!
You hit the hobgoblin.
The hobgoblin hits you but does no damage.
The dart slug launches a dart at you. The slug dart hits you.
You die...

# ...
..#########...#
.......g@)..#
...###.w#####
##.# #.# #..
... .)# .(#


You could see a dart slug and a hobgoblin.

Vanquished Creatures
  Natasha (twice) (D:2)
  An ooze (D:1)
  A dart slug (D:1)
  A leopard gecko (D:2)
  2 orcs (D:3)
  A ball python (D:2)
  5 bats
  2 hobgoblins
  5 kobolds
  A quokka (D:2)
  A frilled lizard (D:2)
  7 goblins
  2 rats
31 creatures vanquished.

Notes
Turn   | Place    | Note
-------+----------+-------------------------------------------
     0 | D:1      | Lugonue the Hill Orc Fighter began the quest for the Orb.
     0 | D:1      | Reached XP level 1. HP: 19/19 MP: 1/1
    28 | D:1      | Found a glowing golden altar of the Shining One.
   188 | D:1      | Reached XP level 2. HP: 25/27 MP: 2/2
   737 | D:2      | Noticed Natasha
   746 | D:2      | Killed Natasha
   746 | D:2      | Reached XP level 3. HP: 24/34 MP: 3/3
   915 | D:2      | Noticed Natasha
   927 | D:2      | Killed Natasha
   927 | D:2      | Reached XP level 4. HP: 27/41 MP: 4/4
  1343 | D:2      | Noticed Natasha
  1416 | D:3      | HP: 1/41 [orc/+0 dagger (4)]
  1420 | D:3      | Killed from afar by a dart slug

Illustrated notes

Levels and vault maps discovered:
D:1:      lightli_arrival_quake, layout_loops_ring, tso_altar
D:2:      layout_basic, minmay_misc_feat_x, uniq_natasha
D:3:      layout_rooms, first_ration, hangedman_glass_teeth,
          minmay_three_crescents

Skill      XL: |  1  2  3 |
---------------+----------+-----
Fighting       | 4 |  4.6
Axes           | 3 4 |  4.2
Armour         | 4 |  4.2
Shields        | |  3.3

Action                   |  1- 3 |  4- 6 || total
-------------------------+-------+-------++-------
Melee: War axe           |    62 |    32 ||    94
Throw: Dart              |     3 |     5 ||     8
       Boomerang         |       |     3 ||     3
  Use: Scroll            |       |     2 ||     2
       Potion            |       |     2 ||     2
  Eat: Chunk             |       |     1 ||     1
Armor: Scale mail        |    25 |       ||    25
       Ring mail         |    19 |    29 ||    48
Dodge: Dodged            |    39 |    22 ||    61
Block: Kite shield       |     8 |       ||     8

Table legend:
 A = Non-vault XP
 B = Vault XP
 C = Vault XP percentage of total XP
 D = Non-vault monster count
 E = Vault monster count
 F = Vault count percentage of total count
                 A         B        C        D         E       F
            +---------+---------+-------+---------+---------+-------
      Total |      86 |      43 |  33.3 |      26 |       5 |  16.1
            +---------+---------+-------+---------+---------+-------
        D:1 |      27 |       0 |   0.0 |      12 |       0 |   0.0
        D:2 |      56 |      36 |  39.1 |      13 |       1 |   7.1
        D:3 |       3 |       7 |  70.0 |       1 |       4 |  80.0
            +---------+---------+-------+---------+---------+-------
